 Dungeon Crawl Stone Soup version 0.21-a0-538-gd16b88a (webtiles) character file.

9 Gerstahl the Skirmisher (level 2, 24/24 HPs)
             Began as a Demonspawn Monk on Dec 15, 2017.
             Quit the game on level 1 of the Dungeon.
             The game lasted 00:00:46 (362 turns).

Gerstahl the Skirmisher (Demonspawn Monk)            Turns: 362, Time: 00:00:47

Health: 24/24      AC:  2    Str: 11    XL:     2   Next: 3%
Magic:  2/2        EV: 13    Int: 11    God:
Gold:   27         SH:  0    Dex: 15    Spells: 1/1 levels left

rFire    . . .     SeeInvis .   a - +0 falchion
rCold    . . .     Gourm    .   (no shield)
rNeg     . . .     Faith    .   b - +0 robe
rPois    .         Spirit   .   (helmet restricted)
rElec    .         Reflect  .   (no cloak)
rCorr    .         Harm     .   (no gloves)
MR       .....                  (no boots)
Stlth    ++........             (no amulet)
HPRegen  0.08/turn              (no ring)
MPRegen  0.08/turn              (no ring)

@: no status effects
A: antennae 1
a: no special abilities


You were on level 1 of the Dungeon.
You were not hungry.

You visited 1 branch of the dungeon, and saw 1 of its levels.

You collected 27 gold pieces.

Inventory:

Hand Weapons
 a - a +0 falchion (weapon)
Armour
 b - a +0 robe (worn)
Jewellery
 e - a cursed -4 ring of dexterity {unknown}
 g - an uncursed amulet of faith {unknown}
Scrolls
 h - 2 scrolls of teleportation {unknown}
Comestibles
 c - a bread ration
 d - 2 chunks of flesh


   Skills:
 + Level 3.3 Fighting
 + Level 3.0 Long Blades
 - Level 2.6 Dodging
 - Level 1.7 Stealth


You had one spell level left.
You didn't know any spells.

Dungeon Overview and Level Annotations

Branches:
Dungeon (1/15)

Altars:


Innate Abilities, Weirdness & Mutations

You have a pair of small antennae on your head.


Message History

You have reached level 2!
You feel monstrous as your demonic heritage exerts itself.
Your demonic ancestry asserts itself...
A pair of antennae grows on your head!
It was a potion of flight.
You feel very buoyant.
You fly up into the air.
It was a potion of brilliance.
You feel clever all of a sudden.
You now have 22 gold pieces (gained 10).
Some of the chunks of flesh in your inventory have rotted away.
Key pressed, stopping explore.
e - a golden ring You are starting to lose your buoyancy.
You float gracefully downwards.
You now have 27 gold pieces (gained 5).
You feel a little less clever now.
Some of the chunks of flesh in your inventory have rotted away.
Found a stone staircase leading down.
Are you sure you want to abandon this character and quit the game? (Confirm with "yes".)

..#.#.#............
..#.#.###.#........
....#.#...#.####+#.
......#.###.# #.#
..........#.# #.#
.#.####.#.#.####.#
.#.............#.#
......#.#.#....#.#
.#.####.#.#....#@#.#..#
........#..............#
.#.######.#....#.#.#=..>
........(.#....#.#.# #.
.#.#####..######.# .
...# #.## #.# ## .###
#.# #.# ## #.# ... #.#
.#


There were no monsters in sight!

Vanquished Creatures
  3 bats (D:1)
  A goblin (D:1)
  A hobgoblin (D:1)
  A frilled lizard (D:1)
  2 kobolds (D:1)
8 creatures vanquished.

Notes
Turn   | Place    | Note
-------+----------+-------------------------------------------
     0 | D:1      | Gerstahl the Demonspawn Monk began the quest for the Orb.
     0 | D:1      | Reached XP level 1. HP: 18/18 MP: 1/1
   246 | D:1      | Gained mutation: You have a pair of small antennae on your head. [demonic ancestry]
   246 | D:1      | Reached XP level 2. HP: 24/24 MP: 2/2
   362 | D:1      | Quit the game

Vault maps used:
D:1:      tarquinn_simple_flora_water_d, minmay_split_cup_small

Skill      XL: |  1 |
---------------+----+-----
Long Blades    | 3 |  3.0
Fighting       | |  3.3
Dodging        | |  2.6
Stealth        | |  1.7

Action                   || total
-------------------------++-------
Melee: Falchion          ||    24
  Use: Potion            ||     2
 Stab: Sleeping          ||     1
Armor: Robe              ||     9
Dodge: Dodged            ||    18
       Rpst.: Falchion   ||     6

Table legend:
 A = Spawn XP
 B = Non-spawn XP
 C = Spawn XP percentage of total XP
 D = Spawn monster count
 E = Non-spawn monster count
 F = Spawn count percentage of total count
 G = Total turns spent on level
                    A         B        C        D         E        F      G
               +---------+---------+-------+---------+---------+-------+---------
         Total |       0 |      13 |   0.0 |       0 |       8 |   0.0 |   362
               +---------+---------+-------+---------+---------+-------+---------
           D:1 |       0 |      13 |   0.0 |       0 |       8 |   0.0 |   362
               +---------+---------+-------+---------+---------+-------+---------
